| TOP OF THE 1ST |
|
Canton Indians batting - Pitching for Brockton Rox : RHP Jose Abanto
|
|
Pitching: RHP Jose Abanto
|
|
|
Batting: RHB George Wagner
|
0-0: Ball 1-0: Called Strike 1-1: Bunt - Flyout to 13S! F1
|
|
Batting: RHB Tacito Carreiro
|
0-0: Ball 1-0: Swinging Strike 1-1: Ball 2-1: Foul Ball, location: 2F 2-2: Ball 3-2: Foul Ball, location: 2F 3-2: Foul Ball, location: 2F 3-2: Strikes out swinging
|
|
Batting: RHB Josh Patterson
|
0-0: Ball 1-0: Called Strike 1-1: Ball 2-1: Ground out U3 (Groundball, 13, EV 86.2 MPH)
|
| Top of the 1st over - 0 runs, 0 hits, 0 errors, 0 left on base; Canton 0 - Brockton 0 |
| BOTTOM OF THE 1ST |
|
Brockton Rox batting - Pitching for Canton Indians : LHP Tony Flores
|
|
Pitching: LHP Tony Flores
|
|
|
Batting: LHB Robert Gonzalez
|
0-0: Ball 1-0: Ball 2-0: Foul Ball, location: 2F 2-1: Ball 3-1: Called Strike 3-2: Base on Balls
|
|
Batting: RHB Willie Camacho
|
0-0: Reached on error, E4 (Groundball, 4, EV 87.5 MPH) Robert Gonzalez to second
|
|
Batting: RHB Bakhtiar Asadov
|
0-0: Ball 1-0: Ball 2-0: 3-RUN HOME RUN (Flyball, 7D, EV 101.9 MPH), Distance : 390 ft
|
|
Batting: RHB Roger Mitchell
|
0-0: Called Strike 0-1: Foul Ball, location: 2F 0-2: Ball 1-2: Strikes out swinging
|
|
Batting: SHB Arihito Hiramoto
|
0-0: Called Strike 0-1: Foul Ball, location: 2F 0-2: Ball 1-2: Strikes out swinging
|
|
Batting: RHB Panam Palmer
|
0-0: Foul Ball, location: 2F 0-1: Ball 1-1: Foul Ball, location: 2F 1-2: Strikes out swinging
|
| Bottom of the 1st over - 3 runs, 1 hit, 1 error, 0 left on base; Canton 0 - Brockton 3 |
| TOP OF THE 2ND |
|
Canton Indians batting - Pitching for Brockton Rox : RHP Jose Abanto
|
|
Batting: RHB Gary Ming
|
0-0: Ball 1-0: SINGLE (Line Drive, 4M, EV 98.8 MPH)
|
|
Batting: RHB Leo Villa
|
0-0: SINGLE (Groundball, 34D, EV 103.8 MPH) Gary Ming to second
|
|
Batting: LHB Justin Eargle
|
0-0: DOUBLE (Line Drive, 78D, EV 111.2 MPH) Gary Ming scores Leo Villa to third
|
|
Batting: RHB Antonio Oyola
|
0-0: Foul Ball, location: 2F 0-1: Called Strike 0-2: Ball 1-2: Strikes out swinging
|
|
Batting: RHB Cruz Castro
|
0-0: Ball 1-0: Ground out 1-3 (Groundball, 15S, EV 75.6 MPH)
|
|
Batting: RHB Jose Argueta
|
0-0: Ball 1-0: Called Strike 1-1: Ball 2-1: Foul Ball, location: 2F 2-2: Foul Ball, location: 2F 2-2: Ball 3-2: Base on Balls
|
|
Batting: RHB George Wagner
|
0-0: Foul Ball, location: 2F 0-1: Swinging Strike 0-2: Ball Wild Pitch! Leo Villa scores Justin Eargle to third Jose Argueta to second 1-2: Strikes out swinging
|
| Top of the 2nd over - 2 runs, 3 hits, 0 errors, 2 left on base; Canton 2 - Brockton 3 |
| BOTTOM OF THE 2ND |
|
Brockton Rox batting - Pitching for Canton Indians : LHP Tony Flores
|
|
Batting: RHB Mo Tsang
|
0-0: Called Strike 0-1: Ball 1-1: Fly out, F8 (Flyball, 8LD, EV 96.2 MPH)
|
|
Batting: LHB Kien-lung Zou
|
0-0: Fly out, F9 (Flyball, 9S, EV 86.2 MPH)
|
|
Batting: RHB Estevan Carrillo
|
0-0: SINGLE (Groundball, 34D, EV 96.9 MPH)
|
|
Batting: LHB Robert Gonzalez
|
0-0: Hit by Pitch Estevan Carrillo to second
|
|
Batting: RHB Willie Camacho
|
0-0: Foul Ball, location: 2F 0-1: Swinging Strike 0-2: Ball 1-2: Foul Ball, location: 2F 1-2: Strikes out swinging
|
| Bottom of the 2nd over - 0 runs, 1 hit, 0 errors, 2 left on base; Canton 2 - Brockton 3 |
| TOP OF THE 3RD |
|
Canton Indians batting - Pitching for Brockton Rox : RHP Jose Abanto
|
|
Batting: RHB Tacito Carreiro
|
0-0: Called Strike 0-1: Ground out 5-3 (Groundball, 56, EV 111.2 MPH)
|
|
Batting: RHB Josh Patterson
|
0-0: Foul Ball, location: 2F 0-1: SINGLE (Line Drive, 7S, EV 106.2 MPH)
|
|
Batting: RHB Gary Ming
|
0-0: Ground out 5-3 (Groundball, 56S, EV 68.1 MPH) Josh Patterson to second
|
|
Batting: RHB Leo Villa
|
0-0: Fly out, F9 (Flyball, 9S, EV 77.5 MPH)
|
| Top of the 3rd over - 0 runs, 1 hit, 0 errors, 1 left on base; Canton 2 - Brockton 3 |
| BOTTOM OF THE 3RD |
|
Brockton Rox batting - Pitching for Canton Indians : LHP Tony Flores
|
|
Batting: RHB Bakhtiar Asadov
|
0-0: Ball 1-0: Called Strike 1-1: Called Strike 1-2: Ball 2-2: Fly out, F9 (Flyball, 9D, EV 103.8 MPH)
|
|
Batting: RHB Roger Mitchell
|
0-0: Fly out, F8 (Flyball, 8LM, EV 92.5 MPH)
|
|
Batting: SHB Arihito Hiramoto
|
0-0: SINGLE (Groundball, 4MD, EV 96.9 MPH)
|
|
Batting: RHB Panam Palmer
|
0-0: Ball 1-0: Ball 2-0: Called Strike 2-1: Foul Ball, location: 2F 2-2: Ball 3-2: Strikes out swinging
|
| Bottom of the 3rd over - 0 runs, 1 hit, 0 errors, 1 left on base; Canton 2 - Brockton 3 |
| TOP OF THE 4TH |
|
Canton Indians batting - Pitching for Brockton Rox : RHP Jose Abanto
|
|
Batting: LHB Justin Eargle
|
0-0: Foul Ball, location: 2F 0-1: Swinging Strike 0-2: Strikes out swinging
|
|
Batting: RHB Antonio Oyola
|
0-0: SOLO HOME RUN (Flyball, 78XD, EV 107.5 MPH), Distance : 433 ft
|
|
Batting: RHB Cruz Castro
|
0-0: Ball 1-0: Swinging Strike 1-1: Foul Ball, location: 2F 1-2: Ball 2-2: Ground out 3-1 (Groundball, 34S, EV 82.5 MPH)
|
|
Batting: RHB Jose Argueta
|
0-0: Called Strike 0-1: Ball 1-1: Ball 2-1: Swinging Strike 2-2: Ball 3-2: Strikes out looking
|
| Top of the 4th over - 1 run, 1 hit, 0 errors, 0 left on base; Canton 3 - Brockton 3 |
| BOTTOM OF THE 4TH |
|
Brockton Rox batting - Pitching for Canton Indians : LHP Tony Flores
|
|
Batting: RHB Mo Tsang
|
0-0: Ball 1-0: Fly out, F8 (Line Drive, 78D, EV 104.4 MPH)
|
|
Batting: LHB Kien-lung Zou
|
0-0: Ball 1-0: Swinging Strike 1-1: Ball 2-1: Called Strike 2-2: Ball 3-2: Foul Ball, location: 2F 3-2: Foul Ball, location: 2F 3-2: Strikes out swinging
|
|
Batting: RHB Estevan Carrillo
|
0-0: Called Strike 0-1: Ball 1-1: Swinging Strike 1-2: Ball 2-2: Ball 3-2: Base on Balls
|
|
Batting: LHB Robert Gonzalez
|
0-0: Ball 1-0: Ball 2-0: Swinging Strike 2-1: Called Strike 2-2: Ball 3-2: Base on Balls Estevan Carrillo to second
|
|
Batting: RHB Willie Camacho
|
0-0: Fly out, F4 (Popup, 23, EV 90.6 MPH)
|
| Bottom of the 4th over - 0 runs, 0 hits, 0 errors, 2 left on base; Canton 3 - Brockton 3 |
| TOP OF THE 5TH |
|
Canton Indians batting - Pitching for Brockton Rox : RHP Jose Abanto
|
|
Batting: RHB George Wagner
|
0-0: Ball 1-0: Called Strike 1-1: SINGLE (Line Drive, 8LS, EV 95.6 MPH)
|
|
Batting: RHB Tacito Carreiro
|
0-0: Ball George Wagner is caught stealing 2nd base 2-4 1-0: Called Strike 1-1: Called Strike 1-2: Strikes out looking
|
|
Batting: RHB Josh Patterson
|
0-0: Foul Ball, location: 2F 0-1: Ball 1-1: Foul Ball, location: 2F 1-2: Fly out, F8 (Flyball, 8LD, EV 93.8 MPH)
|
| Top of the 5th over - 0 runs, 1 hit, 0 errors, 0 left on base; Canton 3 - Brockton 3 |
| BOTTOM OF THE 5TH |
|
Brockton Rox batting - Pitching for Canton Indians : LHP Tony Flores
|
|
Batting: RHB Bakhtiar Asadov
|
0-0: Ball 1-0: Called Strike 1-1: Called Strike 1-2: Foul Ball, location: 2F 1-2: Foul Ball, location: 2F 1-2: Ball 2-2: Strikes out swinging
|
|
Batting: RHB Roger Mitchell
|
0-0: Called Strike 0-1: Ball 1-1: SOLO HOME RUN (Flyball, 7LD, EV 93.1 MPH), Distance : 346 ft
|
|
Pitching: RHP Yann Jarry
|
|
|
Batting: SHB Arihito Hiramoto
|
0-0: Ball 1-0: Fly out, F8 (Flyball, 8LD, EV 104.4 MPH)
|
|
Batting: RHB Panam Palmer
|
0-0: Swinging Strike 0-1: Ball 1-1: Foul Ball, location: 2F 1-2: Strikes out looking
|
| Bottom of the 5th over - 1 run, 1 hit, 0 errors, 0 left on base; Canton 3 - Brockton 4 |
| TOP OF THE 6TH |
|
Canton Indians batting - Pitching for Brockton Rox : RHP Jose Abanto
|
|
Batting: RHB Gary Ming
|
0-0: Ball 1-0: Called Strike 1-1: Swinging Strike 1-2: Ball 2-2: Ball 3-2: Base on Balls
|
|
Batting: RHB Leo Villa
|
0-0: Ball 1-0: Ball 2-0: Foul Ball, location: 2F 2-1: Ball 3-1: Swinging Strike 3-2: Strikes out swinging
|
|
Batting: LHB Justin Eargle
|
0-0: Called Strike 0-1: Ball 1-1: Swinging Strike 1-2: Foul Ball, location: 2F 1-2: Ball 2-2: Strikes out swinging
|
|
Batting: RHB Antonio Oyola
|
0-0: Swinging Strike 0-1: Ball 1-1: Called Strike 1-2: Foul Ball, location: 2F 1-2: Strikes out swinging
|
| Top of the 6th over - 0 runs, 0 hits, 0 errors, 1 left on base; Canton 3 - Brockton 4 |
| BOTTOM OF THE 6TH |
|
Brockton Rox batting - Pitching for Canton Indians : RHP Yann Jarry
|
|
Batting: RHB Mo Tsang
|
0-0: Called Strike 0-1: Called Strike 0-2: Strikes out swinging
|
|
Batting: LHB Kien-lung Zou
|
0-0: Ball 1-0: Ball 2-0: DOUBLE (Line Drive, 7LM, EV 110.0 MPH)
|
|
Batting: RHB Estevan Carrillo
|
0-0: Ball 1-0: Ground out 6-3 (Groundball, 6M, EV 87.5 MPH) Kien-lung Zou to third
|
|
Batting: LHB Robert Gonzalez
|
0-0: Ball 1-0: Fly out, F9 (Line Drive, 9S, EV 97.5 MPH)
|
| Bottom of the 6th over - 0 runs, 1 hit, 0 errors, 1 left on base; Canton 3 - Brockton 4 |
| TOP OF THE 7TH |
|
Canton Indians batting - Pitching for Brockton Rox : RHP Jose Abanto
|
|
Pitching: RHP Paul Carter
|
|
|
Pinch Hitting: RHB Justin Teague
|
0-0: Called Strike 0-1: Called Strike 0-2: Ball 1-2: Strikes out swinging
|
|
Batting: RHB Jose Argueta
|
0-0: Swinging Strike 0-1: Foul Ball, location: 2F 0-2: Strikes out swinging
|
|
Batting: RHB George Wagner
|
0-0: Called Strike 0-1: Ball 1-1: Ball 2-1: Foul Ball, location: 2F 2-2: Strikes out looking
|
| Top of the 7th over - 0 runs, 0 hits, 0 errors, 0 left on base; Canton 3 - Brockton 4 |
| BOTTOM OF THE 7TH |
|
Brockton Rox batting - Pitching for Canton Indians : RHP Yann Jarry
|
|
Now at 3B: Ighlas Mwara
|
|
|
Batting: RHB Willie Camacho
|
0-0: Called Strike 0-1: Called Strike 0-2: DOUBLE (Flyball, 89XD, EV 94.4 MPH)
|
|
Batting: RHB Bakhtiar Asadov
|
0-0: Foul Ball, location: 2F 0-1: Swinging Strike 0-2: Foul Ball, location: 2F 0-2: Ball 1-2: Ball 2-2: Strikes out swinging
|
|
Batting: RHB Roger Mitchell
|
0-0: Called Strike 0-1: Ball 1-1: Ground out 2-3 (Groundball, 2L, EV 65.0 MPH) Willie Camacho to third
|
|
Batting: SHB Arihito Hiramoto
|
0-0: Called Strike 0-1: DOUBLE (Line Drive, 78D, EV 106.9 MPH) Willie Camacho scores
|
|
Batting: RHB Panam Palmer
|
0-0: Ball 1-0: Foul Ball, location: 2F 1-1: Ball 2-1: Foul Ball, location: 2F 2-2: Ground out 6-3 (Groundball, 56, EV 104.4 MPH)
|
| Bottom of the 7th over - 1 run, 2 hits, 0 errors, 1 left on base; Canton 3 - Brockton 5 |
| TOP OF THE 8TH |
|
Canton Indians batting - Pitching for Brockton Rox : RHP Paul Carter
|
|
Batting: RHB Tacito Carreiro
|
0-0: Fly out, F7 (Flyball, 78M, EV 89.4 MPH)
|
|
Batting: RHB Josh Patterson
|
0-0: Ball 1-0: Foul Ball, location: 2F 1-1: Called Strike 1-2: Strikes out swinging, 2-3 out at first.
|
|
Batting: RHB Gary Ming
|
0-0: Ball 1-0: Ball 2-0: Ball 3-0: Called Strike 3-1: Foul Ball, location: 2F 3-2: Foul Ball, location: 2F 3-2: Base on Balls
|
|
Pinch Hitting: RHB Jason Roberts
|
0-0: Called Strike 0-1: Ball 1-1: Called Strike 1-2: Strikes out swinging
|
| Top of the 8th over - 0 runs, 0 hits, 0 errors, 1 left on base; Canton 3 - Brockton 5 |
| BOTTOM OF THE 8TH |
|
Brockton Rox batting - Pitching for Canton Indians : RHP Yann Jarry
|
|
Now in RF: Jason Roberts
|
|
|
Batting: RHB Mo Tsang
|
0-0: Ball 1-0: Ground out 6-3 (Groundball, 6M, EV 81.9 MPH)
|
|
Batting: LHB Kien-lung Zou
|
0-0: Called Strike 0-1: Foul Ball, location: 2F 0-2: Ball 1-2: Ball 2-2: Ground out 6-3 (Groundball, 56D, EV 100.6 MPH)
|
|
Batting: RHB Estevan Carrillo
|
0-0: Ball 1-0: Foul Ball, location: 2F 1-1: Fly out, F9 (Line Drive, 9D, EV 89.4 MPH)
|
| Bottom of the 8th over - 0 runs, 0 hits, 0 errors, 0 left on base; Canton 3 - Brockton 5 |
| TOP OF THE 9TH |
|
Canton Indians batting - Pitching for Brockton Rox : RHP Paul Carter
|
|
Pitching: RHP Danny Marquez
|
|
|
Batting: LHB Justin Eargle
|
0-0: Ground out 5-3 (Groundball, 6, EV 76.2 MPH)
|
|
Batting: RHB Antonio Oyola
|
0-0: Called Strike 0-1: Ball 1-1: Foul Ball, location: 2F 1-2: Foul Ball, location: 2F 1-2: Ball 2-2: Ball 3-2: Base on Balls
|
|
Batting: RHB Ighlas Mwara
|
0-0: Called Strike 0-1: Ball 1-1: Foul Ball, location: 2F 1-2: SINGLE (Line Drive, 9S, EV 106.9 MPH) Antonio Oyola to second
|
|
Batting: RHB Jose Argueta
|
0-0: Called Strike 0-1: Ball 1-1: Swinging Strike 1-2: Ball 2-2: Ball 3-2: Base on Balls Antonio Oyola to third Ighlas Mwara to second
|
|
Pinch Hitting: RHB Juan Gallardo
|
0-0: Ball 1-0: Foul Ball, location: 2F 1-1: Ball 2-1: Ball 3-1: Called Strike 3-2: Base on Balls Antonio Oyola scores Ighlas Mwara to third Jose Argueta to second
|
|
Batting: RHB Tacito Carreiro
|
Balk! Ighlas Mwara scores Jose Argueta to third Juan Gallardo to second 0-0: Foul Ball, location: 2F 0-1: Foul Ball, location: 2F 0-2: Ground out 6-3 (Groundball, 6, EV 90.0 MPH)
|
|
Batting: RHB Josh Patterson
|
0-0: Ball 1-0: Ball 2-0: Foul Ball, location: 2F 2-1: Fly out, F8 (Line Drive, 8RM, EV 91.2 MPH)
|
| Top of the 9th over - 2 runs, 1 hit, 0 errors, 2 left on base; Canton 5 - Brockton 5 |
| BOTTOM OF THE 9TH |
|
Brockton Rox batting - Pitching for Canton Indians : RHP Yann Jarry
|
|
Now in CF: Juan Gallardo
|
|
|
Pinch Hitting: SHB Robert Soto
|
0-0: Called Strike 0-1: Ball 1-1: Ball 2-1: Ball 3-1: Base on Balls
|
|
Batting: RHB Willie Camacho
|
0-0: Grounds into double play, 4-6-3 (Groundball, 34, EV 104.4 MPH)
|
|
Batting: RHB Bakhtiar Asadov
|
0-0: Called Strike 0-1: Fly out, F9 (Line Drive, 9, EV 108.1 MPH)
|
| Bottom of the 9th over - 0 runs, 0 hits, 0 errors, 0 left on base; Canton 5 - Brockton 5 |
| TOP OF THE 10TH |
|
Canton Indians batting - Pitching for Brockton Rox : RHP Danny Marquez
|
|
Pitching: RHP Ross Ratcliffe
|
|
|
Now in CF: Kirk Cully
|
|
|
Batting: RHB Gary Ming
|
0-0: Called Strike 0-1: DOUBLE (Line Drive, 89XD, EV 108.1 MPH)
|
|
Batting: RHB Jason Roberts
|
0-0: Fly out, F2 (Popup, 5SF, EV 86.9 MPH)
|
|
Batting: LHB Justin Eargle
|
0-0: Called Strike 0-1: Foul Ball, location: 2F 0-2: Ball 1-2: Foul Ball, location: 2F 1-2: Strikes out swinging
|
|
Batting: RHB Antonio Oyola
|
0-0: Intentional Walk
|
|
Batting: RHB Ighlas Mwara
|
0-0: Called Strike 0-1: Ball 1-1: Fly out, F9 (Line Drive, 9, EV 86.9 MPH)
|
| Top of the 10th over - 0 runs, 1 hit, 0 errors, 2 left on base; Canton 5 - Brockton 5 |
| BOTTOM OF THE 10TH |
|
Brockton Rox batting - Pitching for Canton Indians : RHP Yann Jarry
|
|
Batting: RHB Roger Mitchell
|
0-0: Ball 1-0: Ball 2-0: Ball 3-0: Called Strike 3-1: Base on Balls
|
|
Batting: SHB Arihito Hiramoto
|
0-0: Called Strike 0-1: Ball 1-1: Ball Roger Mitchell steals 2nd base 2-1: Foul Ball, location: 2F 2-2: Ball 3-2: Base on Balls
|
|
Pinch Hitting: LHB Isaiah Spitzbarth
|
0-0: Foul Ball, location: 2F 0-1: Ball 1-1: Foul Ball, location: 2F 1-2: Foul Ball, location: 2F 1-2: Ball 2-2: Strikes out swinging
|
|
Pitching: LHP Jim Longley
|
|
|
Batting: RHB Mo Tsang
|
0-0: Foul Ball, location: 2F 0-1: Swinging Strike 0-2: Ball 1-2: Strikes out swinging
|
|
Batting: LHB Kien-lung Zou
|
0-0: Ball 1-0: Called Strike 1-1: Called Strike 1-2: Ball 2-2: Strikes out swinging
|
| Bottom of the 10th over - 0 runs, 0 hits, 0 errors, 2 left on base; Canton 5 - Brockton 5 |
| TOP OF THE 11TH |
|
Canton Indians batting - Pitching for Brockton Rox : RHP Ross Ratcliffe
|
|
Now in LF: Bakhtiar Asadov
|
|
|
Now in RF: Felix Rangel
|
|
|
Batting: RHB Jose Argueta
|
0-0: Called Strike 0-1: Ball 1-1: Foul Ball, location: 2F 1-2: Foul Ball, location: 2F 1-2: Foul Ball, location: 2F 1-2: Foul Ball, location: 2F 1-2: Foul Ball, location: 2F 1-2: Foul Ball, location: 2F 1-2: Foul Ball, location: 2F 1-2: Ball 2-2: Ball 3-2: Foul Ball, location: 2F 3-2: Ground out 6-3 (Groundball, 6M, EV 93.1 MPH)
|
|
Pitching: RHP Marco Benavente
|
|
|
Batting: RHB Juan Gallardo
|
0-0: Foul Ball, location: 2F 0-1: Foul Ball, location: 2F 0-2: Ball 1-2: Strikes out swinging
|
|
Batting: RHB Tacito Carreiro
|
0-0: Called Strike 0-1: Swinging Strike 0-2: Ball 1-2: Ball 2-2: Strikes out swinging
|
| Top of the 11th over - 0 runs, 0 hits, 0 errors, 0 left on base; Canton 5 - Brockton 5 |
| BOTTOM OF THE 11TH |
|
Brockton Rox batting - Pitching for Canton Indians : LHP Jim Longley
|
|
Pinch Hitting: RHB Eric McClelland
|
0-0: Ground out 6-3 (Groundball, 6, EV 99.4 MPH)
|
|
Batting: RHB Kirk Cully
|
0-0: Called Strike 0-1: Swinging Strike 0-2: Strikes out swinging
|
|
Batting: RHB Willie Camacho
|
0-0: SINGLE (Flyball, 4MD, EV 91.9 MPH)
|
|
Batting: RHB Bakhtiar Asadov
|
0-0: Ball 1-0: Ball 2-0: Swinging Strike 2-1: Ball 3-1: Called Strike 3-2: SINGLE (Groundball, 6MD, EV 101.2 MPH) Willie Camacho to second Willie Camacho to third
|
|
Batting: RHB Roger Mitchell
|
0-0: Called Strike 0-1: Ball 1-1: Ball 2-1: Fly out, F8 (Line Drive, 78M, EV 91.9 MPH)
|
| Bottom of the 11th over - 0 runs, 2 hits, 0 errors, 2 left on base; Canton 5 - Brockton 5 |
| TOP OF THE 12TH |
|
Canton Indians batting - Pitching for Brockton Rox : RHP Marco Benavente
|
|
Now at 1B: Eric McClelland
|
|
|
Batting: RHB Josh Patterson
|
0-0: Called Strike 0-1: Ball 1-1: Ball 2-1: Foul Ball, location: 2F 2-2: Foul Ball, location: 2F 2-2: Foul Ball, location: 2F 2-2: Foul Ball, location: 2F 2-2: TRIPLE (Flyball, 78XD, EV 109.4 MPH)
|
|
Batting: RHB Gary Ming
|
0-0: Called Strike 0-1: Ball 1-1: Swinging Strike 1-2: Ball 2-2: 2-RUN HOME RUN (Flyball, 7D, EV 100.0 MPH), Distance : 375 ft
|
|
Batting: RHB Jason Roberts
|
0-0: Called Strike 0-1: Called Strike 0-2: Foul Ball, location: 2F 0-2: Ball 1-2: Strikes out swinging
|
|
Batting: LHB Justin Eargle
|
0-0: Foul Ball, location: 2F 0-1: Foul Ball, location: 2F 0-2: Foul Ball, location: 2F 0-2: Ball 1-2: Ball 2-2: Ball 3-2: Foul Ball, location: 2F 3-2: Fly out, F7 (Flyball, 78M, EV 90.0 MPH)
|
|
Batting: RHB Antonio Oyola
|
0-0: Called Strike 0-1: Ball 1-1: Called Strike 1-2: SINGLE (Line Drive, 8LS, EV 93.8 MPH)
|
|
Pitching: RHP Nherbert Silivan
|
|
|
Batting: RHB Ighlas Mwara
|
0-0: Ball 1-0: Called Strike 1-1: Foul Ball, location: 2F 1-2: Strikes out looking
|
| Top of the 12th over - 2 runs, 3 hits, 0 errors, 1 left on base; Canton 7 - Brockton 5 |
| BOTTOM OF THE 12TH |
|
Brockton Rox batting - Pitching for Canton Indians : LHP Jim Longley
|
|
Batting: SHB Arihito Hiramoto
|
0-0: Called Strike 0-1: Ball 1-1: SINGLE (Groundball, 34D, EV 107.5 MPH)
|
|
Batting: RHB Felix Rangel
|
0-0: Ball 1-0: Foul Ball, location: 2F 1-1: Foul Ball, location: 2F 1-2: Strikes out swinging
|
|
Pinch Hitting: LHB Kenny Jackson
|
0-0: SINGLE (Line Drive, 9LS, EV 95.0 MPH) Arihito Hiramoto to second
|
|
Batting: LHB Kien-lung Zou
|
0-0: Ball 1-0: Called Strike 1-1: Fly out, F8 (Flyball, 8LM, EV 93.8 MPH)
|
|
Batting: RHB Eric McClelland
|
0-0: Fly out, F8 (Flyball, 8RD, EV 88.8 MPH)
|
| Bottom of the 12th over - 0 runs, 2 hits, 0 errors, 2 left on base; Canton 7 - Brockton 5 |
|